 Dungeon Crawl Stone Soup version 0.31-a0-1591-g515db51633 (webtiles) character file.

Game seed: 2146326033156872434

506028 Atlas the Wrestler (level 24, -20/240 HPs)
             Began as a Yellow Draconian Shapeshifter on Jan 6, 2024.
             Was an Initiate of Gozag.
             Killed from afar by an ancient lich (102 damage)
             ... with a crystal spear
             ... on level 5 of the Vaults.
             The game lasted 02:05:50 (93465 turns).

Atlas the Wrestler (Yellow Draconian Shapeshifter) Turns: 93465, Time: 02:05:51

Health: -20/240    AC: 34    Str: 27    XL:     24   Next: 17%
Magic:  37/37      EV: 21    Int: 12    God:    Gozag
Gold:   11206      SH: 22    Dex: 14    Spells: 38/43 levels left

rFire   + .          .
                       - Unarmed
rCold   + . .        X - +2 kite shield {rC+ rF+}
rNeg    + . .        (body armour unavailable)
rPois   ∞            S - +1 hat
rElec   +            Y - +2 cloak {rCorr}
rCorr   +            D - melded +3 Mad Mage's Maulers {Infuse+∞ VampMP -Cast}
SInv    +            V - melded +2 pair of boots
Will    ++++.        E - amulet of reflection
Stlth   ++           w - ring "Allenim" {^Contam +Blink rPois Will+++ Dex+3}
HPRegen 0.60/turn    f - ring of see invisible
MPRegen 0.25/turn

%: reflection
@: mighty, about to teleport, statue-form, very slow
A: slow and powerful, torment resistance 1, boosted hp, (spit acid), AC +12,
unfitting armour, acidic bite, cold-blooded, acid resistance, screaming 1
}: 2/15 runes: decaying, gossamer
a: Begin Untransformation, Renounce Religion, Evoke Blink, Potion Petition, Call
Merchant, Bribe Branch


You were on level 5 of the Vaults.
You worshipped Gozag.
Gozag was extremely pleased with you.
You were a living statue of rough stone.
You visited 8 branches of the dungeon, and saw 42 of its levels.
You visited the Abyss 2 times.
You also visited: Gauntlet, Ice Cave and Volcano.

You collected 23444 gold pieces.
You spent 3418 gold pieces at shops.
You paid 8820 gold pieces to Gozag.

Inventory:

Missiles
 j - 10 curare-tipped darts
 T - 5 silver javelins (quivered)
Armour
 D - the +3 Mad Mage's Maulers (melded) {Infuse+∞ VampMP -Cast}
   (You bought it in a shop on level 9 of the Dungeon)

   Infuse+∞: It empowers its wearer's blows with all of their magic.
   VampMP:    Blows struck in melee replenish the wearer's magic.
   -Cast:     It prevents spellcasting.
 S - a +1 hat (worn)
 V - a +2 pair of boots (melded)
 X - a +2 kite shield of resistance (worn)
 Y - a +2 cloak of preservation (worn)
Jewellery
 a - a ring of protection from cold
 f - a ring of see invisible (right fist)
 q - a +4 ring of protection
 w - the ring "Allenim" (left fist) {^Contam +Blink rPois Will+++ Dex+3}
   (You bought it in a shop on level 3 of the Depths)

   [ring of poison resistance]

   Dex+3:     It affects your dexterity (+3).
   rPois:     It protects you from poison Will+++: It greatly increases your
   willpower.
   +Blink:    It lets you blink.
   ^Contam:   It causes magical contamination when unequipped.
 E - an amulet of reflection (around neck)
 M - a +4 ring of slaying
 R - a ring of protection from fire
Talismans
 x - a flux talisman
 z - a dragon-blood talisman
 F - a granite talisman (active)
 L - the maw talisman of the Bulwark {*Corrode rElec rPois rC++}
   (You found it on level 1 of the Lair of Beasts)

   [maw talisman]

   rC++:      It greatly protects you from cold.
   rElec:     It insulates you from electricity.
   rPois:     It protects you from poison *Corrode: It may corrode you when you
   take damage.
Wands
 b - a wand of digging (2)
 s - a wand of charming (31)
 B - a wand of roots (35)
 I - a wand of polymorph (34)
 N - a wand of mindburst (9)
 O - a wand of quicksilver (22)
Scrolls
 c - 10 scrolls of identify
 d - 7 scrolls of revelation
 g - 8 scrolls of fear
 l - 12 scrolls of teleportation
 r - 5 scrolls of fog
 u - 4 scrolls of summoning
 G - 3 scrolls of noise
 H - 3 scrolls of silence
 K - a scroll of enchant weapon
 U - 5 scrolls of torment
 Z - 3 scrolls of immolation
Potions
 e - 2 potions of cancellation
 h - 20 potions of curing
 i - 9 potions of enlightenment
 k - a potion of invisibility
 m - 2 potions of magic
 n - 5 potions of brilliance
 o - 2 potions of berserk rage
 p - 6 potions of heal wounds
 t - 4 potions of attraction
 v - 2 potions of resistance
 A - 8 potions of mutation
 C - 8 potions of haste
 J - 5 potions of ambrosia
 P - 2 potions of lignification
 Q - 2 potions of might
Miscellaneous
 W - a condenser vane


   Skills:
 + Level 9.2 Fighting
 + Level 4.2 Throwing
 + Level 19.4 Dodging
 - Level 1.0 Stealth
 + Level 20.2 Shields
 + Level 22.9 Unarmed Combat
 * Level 10.1 Spellcasting
 + Level 7.0 Conjurations
 * Level 2.7 Air Magic
 + Level 4.6 Evocations
 + Level 19.2 Shapeshifting


You had 38 spell levels left.
You knew the following spells:

 Your Spells              Type           Power      Damage    Failure   Level
a - Mephitic Cloud        Conj/Alch/Air  13%        N/A       11%         3
b - Momentum Strike       Conj/Tloc      28%        3d8       4%          2

Your spell library contained the following spells:

 Spells                   Type           Power      Damage    Failure   Level
 Magic Dart               Conj           88%        1d7       1%          1
 Searing Ray              Conj           44%        2d6       1%          2
 Foxfire                  Conj/Fire      56%        2x1d6     3%          1
 Dazzling Flash           Conj/Hex       28%        N/A       10%         3
 Hailstorm                Conj/Ice       14%        3d6       10%         3
 Stone Arrow              Conj/Erth      28%        3d8       10%         3
 Mercury Vapours          Alch/Air       18%        N/A       12%         2
 Necrotise                Necr           24%        1d5       14%         1
 Sandblast                Erth           12%        2d6       14%         1
 Blink                    Tloc           12%        N/A       22%         2
 Call Imp                 Summ           12%        N/A       22%         2
 Lesser Beckoning         Tloc           12%        N/A       22%         2
 Brom's Barrelling Bould  Conj/Erth      14%        2d4       32%         4
 Fulminant Prism          Conj/Alch      7%         3d7       32%         4
 Iskenderun's Mystic Bla  Conj/Tloc      14%        2d5       32%         4
 Fugue of the Fallen      Necr           6%         N/A       38%         3
 Ozocubu's Armour         Ice            6%         N/A       38%         3
 Passwall                 Erth           6%         N/A       38%         3
 Summon Ice Beast         Ice/Summ       6%         N/A       38%         3
 Tukima's Dance           Hex            6%         N/A       38%         3
 Vampiric Draining        Necr           6%         2d6       38%         3
 Arcjolt                  Conj/Air       8%         1d18      45%         5
 Vhi's Electric Charge    Tloc/Air       18%        N/A       63%         4
 Freezing Cloud           Conj/Ice/Air   6%         6-21      71%         5
 Anguish                  Hex/Necr       3%         N/A       80%         4
 Cause Fear               Hex            3%         N/A       80%         4
 Dimensional Bullseye     Hex/Tloc       3%         N/A       80%         4
 Leda's Liquefaction      Alch/Erth      3%         N/A       80%         4
 Passage of Golubria      Tloc           6%         N/A       80%         4
 Summon Blazeheart Golem  Fire/Summ      6%         N/A       80%         4
 Silence                  Hex/Air        4%         N/A       92%         5
 Curse of Agony           Necr           6%         N/A       98%         5
 Lee's Rapid Deconstruct  Erth           3%         3d5*      98%         5
 Metabolic Englaciation   Hex/Ice        3%         N/A       98%         5
 Summon Forest            Summ/Tloc      3%         N/A       98%         5
 Summon Mana Viper        Hex/Summ       6%         N/A       98%         5
 Yara's Violent Unravell  Hex/Alch       3%         3d4       98%         5
 Bombard                  Conj/Erth      7%         9d2       99%         6
 Starburst                Conj/Fire      7%         6d4       99%         6
 Plasma Beam              Fire/Air       4%         2x1d14    100%        6
 Sculpt Simulacrum        Ice/Alch       3%         N/A       100%        6
 Summon Cactus Giant      Summ           3%         N/A       100%        6
 Enfeeble                 Hex            3%         N/A       100%        7
 Monstrous Menagerie      Summ           3%         N/A       100%        7
 Orb of Destruction       Conj           11%        9d6       100%        7
 Spellforged Servitor     Conj/Summ      7%         N/A       100%        7
 Lehudib's Crystal Spear  Conj/Erth      7%         10d3      100%        8
 Maxwell's Capacitive Co  Air            6%         ∞         100%        8


Dungeon Overview and Level Annotations

Branches:
Dungeon (15/15)            Temple (0/1) D:7            Lair (5/5) D:10
  Swamp (4/4) Lair:3       Spider (4/4) Lair:3        Slime (0/5) Lair:4
    Orc (2/2) D:11            Elf (3/3) Orc:2        Vaults (5/5) D:13
  Crypt (0/3) Vaults:2     Depths (4/4) D:15            Zot (0/5) Depths:4
  IceCv (visited)         Volcano (visited)         Gauntlet (visited)

Altars:
Ashenzari
Cheibriados
Dithmenos
Elyvilon
Fedhas
Gozag
Kikubaaqudgha
Makhleb
Okawaru
Qazlal
Trog
Yredelemnul
Zin
The Shining One
Jiyva

Shops:
D:4 :   D:5 ?([[((   D:9 [   D:10 (   D:12 ?   Orc:2 [?*[(   Lair:2 ?
Lair:3 !   Lair:4 *   Swamp:3 =   Depths:1 ([   Depths:3 =

Portals:
Hell: Depths:1 Depths:2 Depths:3 Depths:4
Abyss: Depths:2 Depths:3
Pandemonium: Depths:2 Depths:3
Ziggurat: Depths:4

Annotations:
Elf:2 3 runed translucent doors


Innate Abilities, Weirdness & Mutations

You are a living statue of rough stone.
Your actions are slow, but your melee attacks are powerful.
You are resistant to unholy torment.
Your maximum health is greatly increased.
Your equipment is partially melded.
((You can spit globs of acid.))
((Your golden yellow scales are hard. (AC +12)))
You cannot fit into any form of body armour.
You are immune to poison.
You have acidic saliva.
You are cold-blooded and may be slowed by cold attacks.
You are resistant to acid. (rCorr)
You occasionally shout uncontrollably at your foes.


Message History

The stone hits the ironbound preserver!
Something unseen opens the door.
The ironbound preserver throws a stone.
You block the stone with an invisible shield... and reflect it back!
The stone hits the ironbound preserver.
The deep elf annihilator is distracted by your dazzling golden aura.
Unknown command.
Unknown command.
Unknown command.
Unknown command.
Your surroundings seem slightly different.
A stone giant and a shadow dragon come into view.
The stone giant shouts!
You hear a shout! x2; The deep elf annihilator shouts!
The deep troll is distracted by your dazzling golden aura.
A deep troll comes into view.
You block the ancient lich's attack.
The deep troll shouts!
Unknown command.
Unknown command.
As you read the scroll of teleportation, it crumbles to dust.
You feel strangely unstable.
The deep elf annihilator is no longer distracted by gold.
You block the stone giant's attack. You block the ancient lich's attack.
You block the green death's attack. The dread lich closely misses you.
The stone giant barely misses you.
The ancient lich touches you but does no damage.
The green death hits you!
Unknown command.
Unknown command.
Unknown command.
Unknown command.
You yell at the stone giant!
A stone giant and a tengu reaver come into view.
The tengu reaver is wielding a +0 great mace and wearing a +3 scale mail of poison resistance.
The stone giant shouts!
The dread lich attacks as it pursues you!
The dread lich touches you but does no damage.
The ancient lich casts a spell at you. The crystal spear hits you!!!!
You die...
Your body crumbles into a pile of gold.

##...C. #....'
#...Q# . #....# ..
'.T..' #'. #pTc...
# #C##e##+##+#
..###8LX.pp....##
'...De.2LuT##'....#
#...T#..p$#).# #
#... #....#$)# ..#
'.. +...$'##+...#
.. ##..$$$....# #
###########


You could see a shadow dragon, a tentacled monstrosity, an ironbound preserver,
an ancient lich, a dread lich, a purple very ugly thing, 2 stone giants, a vault
warden, a tengu reaver (repels missiles), a deep elf death mage, 2 vault guards,
a green death (summoned), a deep elf annihilator and 4 deep trolls.

Vanquished Creatures
  A dread lich (Depths:3)
  An ancient lich (Vaults:5)
  2 juggernauts (Depths:4)
  Mennas (Vaults:4)
  Sojobo (Depths:3)
  Bai Suzhen (Swamp:3)
  4 caustic shrikes (Depths:4)
  A golden dragon (Depths:3)
  A bone dragon (Swamp:4)
  Norris (Depths:1)
  the Enchantress (Depths:1)
  A hellephant (Vaults:3)
  A walking earthen tome (Depths:3)
  2 walking crystal tomes (Depths:3)
  2 liches
  Mlioglotl (Spider:3)
  2 deep elf blademasters (Elf:3)
  A titan (Depths:2)
  A walking frostbound tome (Depths:3)
  A walking divine tome (Depths:3)
  13 sphinxes
  2 deep elf master archers (Elf:3)
  An Executioner (Abyss:3)
  7 tentacled starspawn (Abyss:3)
  Frances (Spider:1)
  Agnes (Elf:2)
  2 shadow dragons
  Aizul (Vaults:2)
  Roxanne (Elf:2)
  Donald (Swamp:4)
  5 tengu reavers
  A thorn hunter (Swamp:1)
  2 storm dragons
  7 deep elf sorcerers
  3 fire giants
  A draconian shifter (Depths:4)
  6 narguns (Depths:3)
  5 frost giants
  A draconian scorcher (Depths:4)
  10 emperor scorpions
  7 deep elf elementalists (Elf:3)
  11 vault wardens
  An iron dragon (Depths:3)
  Louise (Elf:2)
  4 ghost moths
  11 very ugly things
  2 formless jellyfish
  8 ironbound thunderhulks
  A green draconian (Depths:4)
  3 broodmothers
  20 ironbound preservers
  3 orc warlords
  3 spriggan defenders (Depths:1)
  13 stone giants
  7 eleionomae
  4 deep elf annihilators
  7 deep elf death magi
  A yellow draconian (Depths:4)
  3 vampire knights
  5 deep elf demonologists
  13 dire elephants
  A war gargoyle (Vaults:3)
  A minotaur (Gauntlet)
  A purple draconian (Depths:4)
  3 spark wasps (Spider:4)
  2 white draconians
  3 bunyips
  3 crystal guardians (Vaults:3)
  2 blizzard demons (Abyss:3)
  8 ettins
  Snorg (Orc:2)
  9 fire dragons
  2 deep elf high priests (Elf:3)
  6 entropy weavers
  8 yaktaur captains
  9 great orbs of eyes
  2 rakshasas (Depths:1)
  4 ice dragons
  5 catoblepae
  5 spriggan air magi
  16 hydras
  3 peacekeepers
  2 ogre magi
  5 ironbound frosthearts
  6 ghost crabs
  2 jorogumos
  A sphinx zombie (Vaults:1)
  3 radroaches
  23 vault guards
  12 alligators
  15 boulder beetles
  19 centaur warriors
  17 dancing weapons
  6 two-headed ogres
  A naga warrior (Abyss:3)
  A sphinx skeleton (Depths:3)
  A vampire mage (Depths:2)
  15 death yaks
  6 tengu warriors
  2 occultists
  8 demonic crawlers
  8 deep troll shamans
  3 orc high priests (Orc:2)
  6 deep troll earth magi
  A spriggan berserker (Depths:2)
  Sonja (Lair:5)
  A sun demon (Abyss:3)
  21 hell knights
  6 skysharks
  9 deep elf knights
  A wretched star (Abyss:3)
  A soul eater (Abyss:3)
  A sixfirhy (Abyss:3)
  8 iron trolls
  5 pharaoh ants
  3 goliath frogs
  A shadow demon (Abyss:3)
  4 spriggan druids
  5 arcanists
  15 orb spiders
  2 mana vipers (Abyss:3)
  3 flayed ghosts
  3 glowing orange brains
  14 ironbound convokers
  11 bog bodies
  A lindwurm (shapeshifter) (Vaults:4)
  3 spectral hydras (Swamp:4)
  66 deep trolls
  3 phantasmal warriors
  3 swamp dragons
  12 deep elf archers
  2 lindwurms (Vaults:2)
  A death drake (Swamp:4)
  6 necromancers
  7 harpies
  19 deep elf pyromancers
  10 orc knights
  3 alligator zombies (Swamp:4)
  19 deep elf zephyrmancers
  20 wolf spiders
  9 steelbarb worms
  An iron dragon zombie (Depths:3)
  6 orc sorcerers
  A harpy (shapeshifter) (D:14)
  19 manticores
  15 ugly things
  12 large abominations
  A salamander (Depths:4)
  2 oklob plants (Spider:3)
  A shining eye (Depths:4)
  4 will-o-the-wisps
  Maurice (D:7)
  5 cyclopes
  A stone giant skeleton (Vaults:1)
  5 moths of wrath
  A moth of wrath (shapeshifter) (Depths:4)
  8 black mambas
  2 apocalypse crabs
  8 elephants
  4 kobold blastminers
  A guardian serpent (Abyss:3)
  A rust devil (Abyss:3)
  3 meliai (Spider:4)
  12 vault sentinels
  Joseph (D:10)
  9 cane toads
  4 smoke demons
  A centaur skeleton (Abyss:3)
  Maggie (D:5)
  A cane toad (shapeshifter) (D:15)
  2 molten gargoyles (Volcano)
  2 ice statues (IceCv)
  An orange demon (Abyss:3)
  2 unseen horrors
  5 rime drakes
  2 kobold demonologists
  7 torpor snails
  28 yaktaurs
  4 swamp worm zombies (Swamp:4)
  7 komodo dragons
  Psyche (D:12)
  2 freezing wraiths
  2 efreet
  3 ancient zymes (Abyss:3)
  11 trolls
  4 tengu conjurers
  2 hydra zombies (Swamp:4)
  A bloated husk (Swamp:1)
  30 tarantellas
  8 hornets
  8 tyrant leeches
  27 blink frogs
  3 spectral swamp dragons (Swamp:4)
  2 glass eyes
  21 slime creatures
  20 jumping spiders
  3 water elementals
  An air elemental (Elf:1)
  18 culicivoras
  A jumping spider (shapeshifter) (Vaults:5)
  A shadow (D:10)
  9 spriggans
  3 tyrant leech zombies (Swamp:4)
  A vampire (D:12)
  A spriggan (shapeshifter) (Elf:1)
  2 fire bats
  5 wraiths
  A wyvern (D:9)
  45 yaks
  A ynoxinul (Abyss:3)
  A golden eye (shapeshifter) (Elf:2)
  4 chaos spawn (Abyss:3)
  5 fire elementals
  58 redbacks
  A steam dragon (D:8)
  A yaktaur simulacrum (Vaults:1)
  10 vampire mosquitoes
  A warg (Orc:1)
  7 basilisks
  Menkaure (D:7)
  A glowing shapeshifter zombie (Depths:3)
  8 swamp worms
  3 acid dragons
  8 water moccasins
  3 hell hounds (Depths:1)
  2 sky beasts (D:7)
  19 orc warriors
  4 swamp drakes (Swamp:1)
  2 black bears
  An ice beast (D:6)
  5 swamp dragon zombies (Swamp:4)
  6 laughing skulls
  9 small abominations
  4 ogres
  5 boggarts
  13 centaurs
  12 wolves
  12 phantoms
  A weeping skull (Abyss:3)
  A brain worm (Abyss:3)
  11 kobold brigands
  12 bullfrogs
  3 earth elementals
  8 scorpions
  A cane toad simulacrum (Lair:1)
  8 wights
  4 electric eels (D:12)
  6 howler monkeys
  A lava snake (Volcano)
  3 bombardier beetles
  7 komodo dragon simulacra (IceCv)
  A jelly (D:5)
  A quasit (Abyss:3)
  4 hounds
  A gnoll bouda (D:5)
  18 orc priests
  A sleepcap (D:5)
  4 iguanas
  22 orc wizards
  A hell rat (Lair:1)
  A centaur simulacrum (D:9)
  18 gnolls
  3 adders
  6 acid dragon simulacra (IceCv)
  3 white imps
  8 steam dragon simulacra (IceCv)
  2 ufetubi (Abyss:3)
  3 ribbon worms
  6 dart slugs
  57 orcs
  4 endoplasms
  4 giant cockroaches
  32 hobgoblins
  8 jackals
  2 quokkas
  5 ball pythons
  4 bats
  2 frilled lizards (D:1)
  34 goblins
  14 kobolds
  8 rats
  5 starspawn tentacles (Abyss:3)
1764 creatures vanquished.

Vanquished Creatures (others)
  A fire dragon (Depths:1)
  An occultist (Depths:2)
  2 deep elf knights
  2 deep elf pyromancers
  A tarantella (Spider:1)
  5 bloated husks
  A hornet (Swamp:4)
  A jumping spider (Spider:3)
  A spriggan (Swamp:4)
  A swamp worm (Swamp:4)
  A howler monkey (D:13)
  An orc wizard (Orc:1)
  A kobold (D:8)
  A butterfly (Depths:1)
  19 foxfires
  A lurking horror (Abyss:3)
  14 starspawn tentacles (Abyss:3)
54 creatures vanquished.

Grand Total: 1818 creatures vanquished

Notes
Turn   | Place    | Note
-------+----------+-------------------------------------------
     0 | D:1      | Atlas the Draconian Shapeshifter began the quest for the
                  | Orb.
     0 | D:1      | Reached XP level 1. HP: 16/16 MP: 1/1
    87 | D:1      | Reached XP level 2. HP: 21/23 MP: 2/2
   336 | D:1      | Reached XP level 3. HP: 28/28 MP: 3/3
  1383 | D:1      | Reached skill level 4 in Unarmed Combat
  1383 | D:1      | Reached XP level 4. HP: 19/35 MP: 4/4
  2261 | D:3      | Reached XP level 5. HP: 31/40 MP: 5/5
  2331 | D:3      | Got the Secrets of Spatial Mortification
  2393 | D:3      | Found a blossoming altar of Fedhas.
  2406 | D:3      | Found an opulent altar of Gozag.
  2413 | D:3      | Became a worshipper of Gozag Ym Sagoz the Greedy
  2664 | D:4      | Reached skill level 1 in Shields
  2823 | D:4      | Found Ylitiluf's Vocational Training.
  2887 | D:4      | Noticed a phantom
  2895 | D:4      | Killed a phantom
  2896 | D:4      | Reached skill level 5 in Unarmed Combat
  2896 | D:4      | Reached XP level 6. HP: 48/48 MP: 6/6
  3651 | D:4      | Reached skill level 1 in Stealth
  3926 | D:4      | Your scales start taking on a golden yellow colour.
  3926 | D:4      | Reached XP level 7. HP: 46/55 MP: 7/7
  3926 | D:4      | Gained mutation: You are resistant to acid. (rCorr) [Yellow
                  | Draconian growth]
  4312 | D:4      | Found a bloodstained altar of Trog.
  4434 | D:5      | Entered Level 5 of the Dungeon
  4727 | D:5      | Found Faniy's Magic Scroll Shoppe.
  4731 | D:5      | Found Ruash's Antique Weapon Emporium.
  4733 | D:5      | Found Zesaok's Armour Emporium.
  4733 | D:5      | Found Zogaona's Antique Weapon Shoppe.
  4735 | D:5      | Bought a scroll of identify for 24 gold pieces
  4735 | D:5      | Bought a scroll of identify for 24 gold pieces
  4735 | D:5      | Bought a scroll of identify for 24 gold pieces
  4735 | D:5      | Bought a scroll of identify for 24 gold pieces
  4735 | D:5      | Bought a scroll of teleportation for 36 gold pieces
  4739 | D:5      | Found Homybb's Armour Shoppe.
  4739 | D:5      | Found Ashemod's Weapon Emporium.
  4758 | D:5      | Reached skill level 6 in Unarmed Combat
  4857 | D:5      | Bought a +2 kite shield of reflection for 185 gold pieces
  5389 | D:6      | Reached XP level 8. HP: 53/62 MP: 8/8
  5492 | D:6      | Noticed Maggie
  5661 | D:5      | Killed Maggie
  5662 | D:5      | Reached skill level 7 in Unarmed Combat
  5911 | D:6      | Reached skill level 5 in Dodging
  5971 | D:6      | Identified the +5 dagger "Sodd" {freeze, *Rage rElec rN+
                  | Int+6}
  6001 | D:6      | Reached skill level 5 in Shields
  6180 | D:6      | Found a glowing golden altar of the Shining One.
  6440 | D:7      | Reached XP level 9. HP: 69/69 MP: 9/9
  6476 | D:7      | Reached skill level 8 in Unarmed Combat
  6598 | D:7      | Noticed Maurice
  6604 | D:7      | Reached skill level 5 in Shapeshifting
  6606 | D:7      | Maurice stole a ring of flight
  6610 | D:7      | Maurice stole a flux talisman
  6612 | D:7      | Maurice stole 2 throwing nets
  6625 | D:7      | Something stole a throwing net
  6626 | D:7      | Something stole 583 gold
  6636 | D:7      | Something stole 229 gold
  6639 | D:7      | Something stole 2 gold
  6658 | D:7      | Killed Maurice
  6999 | D:7      | Found an ancient bone altar of Kikubaaqudgha.
  7053 | D:7      | Found a staircase to the Ecumenical Temple.
  7232 | D:7      | Noticed Menkaure
  7237 | D:7      | Killed Menkaure
  7238 | D:7      | Reached skill level 9 in Unarmed Combat
  7243 | D:7      | Identified the +4 short sword "Qoshur" {vamp, Fly}
  7456 | D:7      | Found a shadowy altar of Dithmenos.
  8114 | D:8      | Found a stormy altar of Qazlal.
  8150 | D:8      | Reached XP level 10. HP: 65/77 MP: 10/10
  8196 | D:8      | Found a burning altar of Makhleb.
  8685 | D:9      | Found a snail-covered altar of Cheibriados.
  8796 | D:9      | Reached skill level 10 in Unarmed Combat
  9083 | D:9      | Noticed a centaur warrior
  9111 | D:9      | Killed a centaur warrior
  9112 | D:9      | Reached skill level 11 in Unarmed Combat
  9825 | D:9      | Bought the +3 Mad Mage's Maulers {Infuse+∞ VampMP -Cast}
                  | for 600 gold pieces
  9825 | D:9      | Found the +3 Mad Mage's Maulers {Infuse+∞ VampMP -Cast}
  9876 | D:10     | Entered Level 10 of the Dungeon
  9876 | D:10     | Found a staircase to the Lair.
  9897 | D:10     | Noticed Joseph
  9913 | D:10     | Killed Joseph
 10019 | D:10     | Reached skill level 12 in Unarmed Combat
 10019 | D:10     | Reached XP level 11. HP: 79/82 MP: 1/11
 10250 | D:10     | Found Fomoacy's Weapon Boutique.
 10698 | D:10     | Identified the +4 chain mail "Cofedgh" {Str+5}
 10720 | D:10     | Noticed a two-headed ogre
 10731 | D:10     | Killed a two-headed ogre
 11390 | D:11     | Found a staircase to the Orcish Mines.
 12140 | D:11     | Reached skill level 13 in Unarmed Combat
 12626 | D:12     | Noticed Psyche
 12631 | D:12     | Killed Psyche
 12696 | D:12     | Found an iron altar of Okawaru.
 13977 | D:13     | Noticed a centaur warrior
 13987 | D:13     | Killed a centaur warrior
 13987 | D:13     | Noticed a tengu warrior
 14126 | D:13     | Noticed a deep elf pyromancer
 14126 | D:13     | Noticed a brown ugly thing
 14129 | D:13     | Noticed a fire giant
 14135 | D:13     | Noticed a boulder beetle
 14326 | D:13     | Killed a boulder beetle
 14416 | D:13     | Reached XP level 12. HP: 81/91 MP: 2/12
 14565 | D:13     | Noticed a fire dragon
 14578 | D:13     | Noticed a vault guard
 14579 | D:13     | Noticed a vault guard
 14580 | D:13     | Noticed a vault guard
 14582 | D:13     | Noticed a vault guard
 14734 | D:13     | Noticed a centaur warrior
 14736 | D:13     | Noticed a centaur warrior
 15097 | D:13     | Reached skill level 14 in Unarmed Combat
 15443 | Lair:1   | Entered Level 1 of the Lair of Beasts
 15701 | Lair:1   | Identified the maw talisman of the Bulwark {*Corrode rElec
                  | rPois rC++}
 15854 | Lair:1   | Found a frozen archway.
 15866 | IceCv    | Entered an ice cave
 17109 | IceCv    | Noticed a white draconian
 17129 | IceCv    | Killed a white draconian
 17311 | IceCv    | Identified the ring of Okut Hown {rPois Dex+6}
 17568 | Lair:1   | Noticed a catoblepas
 17583 | Lair:1   | Killed a catoblepas
 17886 | Lair:1   | Reached skill level 15 in Unarmed Combat
 17997 | Lair:1   | Noticed a death yak
 17998 | Lair:1   | Noticed a six-headed hydra
 18092 | Lair:1   | Killed a death yak
 18938 | Lair:1   | Killed a six-headed hydra
 19072 | Lair:1   | Reached XP level 13. HP: 79/99 MP: 3/13
 19419 | Lair:2   | Bought a scroll of identify for 22 gold pieces
 19419 | Lair:2   | Bought a scroll of identify for 22 gold pieces
 19419 | Lair:2   | Bought a scroll of identify for 22 gold pieces
 19419 | Lair:2   | Bought a scroll of fear for 44 gold pieces
 19780 | Lair:2   | Found a snail-covered altar of Cheibriados.
 20456 | Lair:2   | Identified the +10 scale mail "Zicleepn" {Dex+4}
 20596 | Lair:2   | Identified a scroll of acquirement
 20597 | Lair:2   | Acquired 684 gold pieces
 20819 | Lair:3   | Bought a potion of heal wounds for 60 gold pieces
 20819 | Lair:3   | Bought a potion of mutation for 96 gold pieces
 20819 | Lair:3   | Bought a potion of heal wounds for 60 gold pieces
 20972 | Lair:3   | Found a hole to the Spider Nest.
 21141 | Lair:3   | Reached skill level 16 in Unarmed Combat
 21591 | Lair:3   | Found a staircase to the Swamp.
 21591 | Lair:3   | Noticed an eleionoma
 21954 | Lair:3   | Killed an eleionoma
 22162 | Lair:3   | Reached skill level 5 in Fighting
 22828 | Lair:3   | Reached skill level 17 in Unarmed Combat
 23410 | Lair:4   | Reached skill level 1 in Spellcasting
 23622 | Lair:4   | Gained mutation: You have acidic saliva. [Yellow Draconian
                  | growth]
 23622 | Lair:4   | Reached XP level 14. HP: 102/107 MP: 1/17
 23646 | Lair:4   | Found a gate leading to a gauntlet.
 23653 | Gauntlet | Entered a Gauntlet
 23653 | Gauntlet | Found a transporter.
 23725 | Gauntlet | Found a transporter.
 23738 | Gauntlet | Found a transporter.
 23742 | Gauntlet | Found a transporter.
 23755 | Gauntlet | Found a transporter.
 23774 | Gauntlet | Found a transporter.
 23775 | Gauntlet | Noticed a quicksilver ooze
 23788 | Gauntlet | Found a transporter.
 23807 | Gauntlet | Found a transporter.
 23811 | Gauntlet | Found a transporter.
 23823 | Gauntlet | Found a transporter.
 23841 | Gauntlet | Found a transporter.
 23845 | Gauntlet | Found a transporter.
 24065 | Gauntlet | Identified the ring of the Harvest {rPois rN+}
 24067 | Gauntlet | Identified the +1 pair of boots "Voutz" {Dex+2}
 24105 | Gauntlet | Identified the amulet of Mutualism {Acrobat rPois}
 24208 | Gauntlet | Identified the +7 great sword of Myczatwecw {protect,
                  | *Noise rN+ Int+2}
 24217 | Gauntlet | Reached skill level 10 in Shields
 24227 | Gauntlet | Identified the +4 mace "Wodoyvalu" {heavy, +Blink Int+3}
 24467 | Lair:4   | Reached skill level 10 in Shapeshifting
 25499 | Lair:4   | Found a staircase to the Slime Pits.
 25500 | Lair:4   | Found a viscous altar of Jiyva.
 25592 | Lair:5   | Entered Level 5 of the Lair of Beasts
 25610 | Lair:5   | Found a dark tunnel.
 25624 | Volcano  | Entered a volcano
 26182 | Volcano  | Found a burning altar of Makhleb.
 26874 | Lair:5   | Reached skill level 10 in Dodging
 26890 | Lair:5   | Noticed Sonja
 27130 | Lair:4   | Bought a scroll of teleportation for 60 gold pieces
 27130 | Lair:4   | Bought a scroll of identify for 40 gold pieces
 27705 | Lair:5   | Killed Sonja
 29846 | Lair:5   | Reached skill level 5 in Spellcasting
 31298 | D:12     | Bought a scroll of blinking for 112 gold pieces
 31312 | D:12     | Reached XP level 15. HP: 80/115 MP: 1/23
 31876 | D:13     | Found a gate to the Vaults.
 33265 | D:13     | Identified the +7 battleaxe of Leciucs {vamp, rElec rF+
                  | Str+2}
 33400 | D:13     | Killed a fire giant
 34053 | D:14     | Identified the +4 flail "Lacertilianbane" {pain, rElec
                  | Will++ Int-2 Stlth+}
 34692 | D:15     | Entered Level 15 of the Dungeon
 35357 | D:15     | Found a staircase to the Depths.
 37146 | Orc:1    | Entered Level 1 of the Orcish Mines
 37438 | Orc:1    | Paralysed by an orc sorcerer for 3 turns
 38260 | Orc:2    | Entered Level 2 of the Orcish Mines
 39465 | Orc:2    | Paralysed by an orc sorcerer for 2 turns
 39762 | Orc:2    | Noticed Snorg
 39770 | Orc:2    | Killed Snorg
 40124 | Orc:2    | Found Ugallemo's Armour Shoppe.
 40132 | Orc:2    | Bought a +2 cloak of preservation for 322 gold pieces
 40179 | Orc:2    | Found a staircase to the Elven Halls.
 40800 | Orc:2    | Found Senwuano's Weapon Shop.
 40800 | Orc:2    | Found Qowkocw's General Store.
 40807 | Orc:2    | Found Loudes's Armour Shop.
 40807 | Orc:2    | Found Noelapn's Antique Weapon Shoppe.
 41055 | Orc:2    | Bought 2 potions of curing for 84 gold pieces
 41055 | Orc:2    | Bought a ring of protection from fire for 350 gold pieces
 41055 | Orc:2    | Bought a potion of curing for 42 gold pieces
 41744 | Orc:2    | Bought a scroll of identify for 30 gold pieces
 41744 | Orc:2    | Bought a scroll of identify for 30 gold pieces
 41859 | Swamp:1  | Entered Level 1 of the Swamp
 41859 | Swamp:1  | Noticed a thorn hunter
 41966 | Swamp:1  | Killed a thorn hunter
 41967 | Swamp:1  | Reached XP level 16. HP: 124/124 MP: 9/25
 43865 | Swamp:1  | Identified the +1 robe of the Swan {Int+3 Dex+5}
 47584 | Swamp:3  | Identified the +0 leather armour of Sufral {*Slow rElec
                  | Will+ Regen+}
 47758 | Swamp:3  | Noticed Bai Suzhen
 48196 | Swamp:3  | Killed Bai Suzhen
 48977 | Swamp:4  | Entered Level 4 of the Swamp
 51561 | Swamp:4  | Acquired a manual of Dodging
 51865 | Swamp:4  | Noticed Donald
 52170 | Swamp:4  | Killed Donald
 52549 | Swamp:4  | Reached XP level 17. HP: 132/132 MP: 1/26
 53693 | Swamp:4  | Noticed a bone dragon
 53848 | Swamp:4  | Killed a bone dragon
 55032 | Swamp:4  | Got a decaying rune of Zot
 55197 | Spider:1 | Entered Level 1 of the Spider Nest
 55203 | Spider:1 | Reached skill level 15 in Shapeshifting
 56996 | Spider:1 | Noticed Frances
 57104 | Spider:1 | Killed Frances
 62053 | Spider:3 | Noticed Mlioglotl
 62062 | Spider:3 | Killed Mlioglotl
 65113 | Spider:3 | Reached XP level 18. HP: 117/140 MP: 4/27
 66233 | Spider:3 | Reached skill level 15 in Shields
 66929 | Elf:1    | Entered Level 1 of the Elven Halls
 69357 | Elf:1    | Acquired 1324 gold pieces
 70762 | Elf:2    | Noticed Agnes
 70796 | Elf:2    | Killed Agnes
 70797 | Elf:2    | Reached skill level 18 in Unarmed Combat
 72238 | Elf:2    | Noticed Roxanne
 72260 | Elf:2    | Killed Roxanne
 72806 | Elf:2    | Noticed Louise
 72813 | Elf:2    | Killed Louise
 72985 | Elf:2    | Found a runed translucent gate.
 72986 | Elf:2    | Found a runed translucent gate.
 72986 | Elf:2    | Found a runed translucent gate.
 73344 | Elf:3    | Entered Level 3 of the Elven Halls
 73522 | Elf:3    | Reached skill level 15 in Dodging
 74049 | Elf:3    | Reached XP level 19. HP: 147/147 MP: 28/28
 74510 | Elf:3    | Identified the +7 rapier "Musuh" {flame, rElec rN+ Will-
                  | rCorr}
 74536 | Abyss:3  | Cast into level 3 of the Abyss (a deep elf sorcerer)
 74904 | Abyss:3  | Reached XP level 20. HP: 132/155 MP: 29/29
 75024 | Elf:3    | Escaped the Abyss
 75033 | Abyss:3  | Cast into level 3 of the Abyss (a ghostly deep elf
                  | sorcerer)
 75109 | Abyss:3  | Noticed a profane servitor
 75249 | Abyss:3  | Paralysed by accursed screaming for 1 turns
 75433 | Elf:3    | Escaped the Abyss
 75611 | Elf:3    | Reached skill level 19 in Unarmed Combat
 75679 | Elf:3    | Identified the +0 plate armour of the Loofah {rF+ rN+}
 75679 | Elf:3    | Identified the +7 battleaxe of Butchery {freeze, rElec
                  | rCorr Dex+2}
 75838 | Elf:3    | Identified the +1 hand axe of Plog {pain, *Noise rC++
                  | Dex+3}
 75840 | Elf:3    | Identified the +0 ring mail of Eternal Vigilance {rPois}
 76715 | Elf:3    | Identified the staff of Cheibriados's Whim {rElec rCorr
                  | Int-4 Stlth+ Air}
 76725 | Elf:3    | Identified the -2 helmet of Spaghetti {Int+4}
 77242 | Spider:4 | Entered Level 4 of the Spider Nest
 78881 | Spider:4 | Got a gossamer rune of Zot
 79344 | D:13     | Learned a level 3 spell: Mephitic Cloud
 79347 | D:13     | Learned a level 2 spell: Momentum Strike
 79350 | Vaults:1 | Entered Level 1 of the Vaults
 79807 | Vaults:1 | Reached XP level 21. HP: 162/162 MP: 30/30
 79906 | Vaults:1 | Reached skill level 20 in Unarmed Combat
 81022 | Vaults:2 | Reached skill level 1 in Throwing
 81826 | Vaults:2 | Found a staircase to the Crypt.
 81826 | Vaults:2 | Found an ancient bone altar of Kikubaaqudgha.
 81827 | Vaults:2 | Found a basalt altar of Yredelemnul.
 82096 | Vaults:2 | Identified the serpent talisman of the Ageless Teeth
                  | {Will+}
 82096 | Vaults:2 | Noticed Aizul
 82109 | Vaults:2 | Killed Aizul
 82714 | Vaults:3 | Found a huge runed translucent gate.
 82714 | Vaults:3 | Found a huge runed translucent gate.
 82714 | Vaults:3 | Found a huge runed translucent gate.
 82719 | Vaults:3 | Found a huge runed translucent gate.
 82719 | Vaults:3 | Found a huge runed translucent gate.
 82721 | Vaults:3 | Found a huge runed translucent gate.
 82721 | Vaults:3 | Found a huge runed translucent gate.
 82728 | Vaults:3 | Found a huge runed translucent gate.
 82733 | Vaults:3 | Found a huge runed translucent gate.
 82735 | Vaults:3 | Found a huge runed translucent gate.
 82735 | Vaults:3 | Found a huge runed translucent gate.
 82735 | Vaults:3 | Found a huge runed translucent gate.
 82735 | Vaults:3 | Found a huge runed translucent gate.
 82735 | Vaults:3 | Found a huge runed translucent gate.
 82739 | Vaults:3 | Found a huge runed translucent gate.
 82740 | Vaults:3 | Found a huge runed translucent gate.
 82741 | Vaults:3 | Found a huge runed translucent gate.
 82741 | Vaults:3 | Found a huge runed translucent gate.
 83259 | Vaults:3 | Reached skill level 21 in Unarmed Combat
 83307 | Vaults:3 | Reached XP level 22. HP: 75/170 MP: 31/31
 83803 | Vaults:3 | Found a huge runed translucent gate.
 83803 | Vaults:3 | Found a huge runed translucent gate.
 83803 | Vaults:3 | Found a huge runed translucent gate.
 83803 | Vaults:3 | Found a huge runed translucent gate.
 83803 | Vaults:3 | Found a huge runed translucent gate.
 83808 | Vaults:3 | Found a huge runed translucent gate.
 83809 | Vaults:3 | Found a huge runed translucent gate.
 83809 | Vaults:3 | Found a huge runed translucent gate.
 83809 | Vaults:3 | Found a huge runed translucent gate.
 83809 | Vaults:3 | Found a huge runed translucent gate.
 83811 | Vaults:3 | Found a huge runed translucent gate.
 83812 | Vaults:3 | Found a huge runed translucent gate.
 83843 | Vaults:3 | Found a huge runed translucent gate.
 83843 | Vaults:3 | Found a huge runed translucent gate.
 83847 | Vaults:3 | Found a huge runed translucent gate.
 83848 | Vaults:3 | Found a huge runed translucent gate.
 83849 | Vaults:3 | Found a huge runed translucent gate.
 83849 | Vaults:3 | Found a huge runed translucent gate.
 84234 | Vaults:3 | Reached skill level 1 in Conjurations
 84750 | Vaults:4 | Noticed Mennas
 84774 | Vaults:4 | Killed Mennas
 85197 | Vaults:4 | Paralysed by a sphinx for 5 turns
 85483 | Orc:2    | Bought a +1 hat for 165 gold pieces
 86647 | Depths:1 | Entered Level 1 of the Depths
 86704 | Depths:1 | Noticed Norris
 86716 | Depths:1 | Killed Norris
 87160 | Depths:1 | Found Roeheo's Antique Armour Emporium.
 87201 | Depths:1 | Found Eliatar's Antique Weapon Emporium.
 87225 | Depths:1 | Noticed the Enchantress
 87263 | Depths:1 | Killed the Enchantress
 87510 | Depths:1 | Found a white marble altar of Elyvilon.
 87989 | Depths:1 | Reached skill level 22 in Unarmed Combat
 88000 | Depths:1 | Reached XP level 23. HP: 177/177 MP: 35/35
 88267 | Depths:1 | Found a broken altar of Ashenzari.
 88268 | Depths:1 | Found a gateway to Hell.
 88438 | Depths:2 | Reached skill level 5 in Conjurations
 88784 | Depths:2 | Found a one-way gate leading to the halls of Pandemonium.
 89105 | Depths:2 | Found a one-way gate to the infinite horrors of the Abyss.
 89636 | Depths:2 | Identified the +4 spear "Leviticus" {vamp, rC+ Will+}
 89760 | Depths:2 | Identified the +6 war axe of Ragnarok {freeze, +Blink}
 90181 | Depths:3 | Found a glowing silver altar of Zin.
 90245 | Depths:3 | Identified the amulet "Ogux Ymisell" {Acrobat rElec Str+6
                  | Dex+2}
 90252 | Depths:3 | Bought the ring "Allenim" {^Contam +Blink rPois Will+++
                  | Dex+3} for 940 gold pieces
 90614 | Depths:3 | Noticed a dread lich
 90626 | Depths:3 | Killed a dread lich
 91183 | Depths:4 | Entered Level 4 of the Depths
 91184 | Depths:4 | Noticed a juggernaut
 91191 | Depths:4 | Noticed a juggernaut
 91192 | Depths:4 | Killed a juggernaut
 91204 | Depths:4 | Killed a juggernaut
 91559 | Depths:4 | Noticed a caustic shrike
 91559 | Depths:4 | Noticed a caustic shrike
 91559 | Depths:4 | Noticed a caustic shrike
 91559 | Depths:4 | Noticed a caustic shrike
 91570 | Depths:4 | Killed a caustic shrike
 91578 | Depths:4 | Killed a caustic shrike
 91582 | Depths:4 | Killed a caustic shrike
 91588 | Depths:4 | Killed a caustic shrike
 91701 | Depths:4 | Identified the +6 dagger of Change {flame, Int+9}
 91936 | Depths:4 | Noticed Sojobo
 92348 | Depths:3 | Killed Sojobo
 92365 | Depths:4 | Reached skill level 1 in Air Magic
 92429 | Depths:4 | Found a one-way gateway to a ziggurat.
 92445 | Depths:4 | Gained mutation: You occasionally shout uncontrollably at
                  | your foes. [a shining eye]
 92623 | Depths:4 | Reached XP level 24. HP: 185/185 MP: 36/36
 92795 | Depths:4 | Found a gate to the Realm of Zot.
 93264 | Vaults:5 | Entered Level 5 of the Vaults
 93277 | Vaults:5 | Noticed a dread lich
 93427 | Vaults:5 | Reached skill level 10 in Spellcasting
 93438 | Vaults:5 | Noticed an ancient lich
 93449 | Vaults:5 | Killed an ancient lich
 93459 | Vaults:5 | Noticed an ancient lich
 93465 | Vaults:5 | Killed from afar by an ancient lich

Illustrated notes

Levels and vault maps discovered:
D:1:      mushboom_english_gardens, layout_basic, serial_bayou_lake_a
D:2:      layout_basic, hangedman_decor_riveting, ebering_dispersal_statue_hall,
          minmay_tetromino_t2
D:3:      layout_rooms, overflow_temple_1_default, fedhas_altar_2
D:4:      minmay_goblin_kobold_castle, layout_rooms, general_overflow_altar,
          nicolae_shop_vocational
D:5:      layout_loops_ring, nicolae_shop_national_dungeon_mall
D:6:      layout_cave_pools, kennysheep_mini_moat, st_stairs_10, uniq_maggie
D:7:      layout_cave_pods, grunt_dithmenos_shadows, kiku_gazebo_garden_becter,
          minmay_temple_entry_slanted, uniq_maurice, uniq_menkaure
D:8:      layout_loops_cross, bloody_makhleb, nicolae_qazlal_general_emergency
D:9:      layout_small_grid, cheibrodos_worm_habitat, kb_rosetta
D:10:     layout_loops_cross, lair_entry_dummy, serial_glass, glass_columns_a,
          glass_columns_a, serial_shops, shop, uniq_joseph
D:11:     layout_loops_cross, david_orc_2, reono_crystal_passage
D:12:     layout_basic, skrybe_limestone_x, okawaru_trees_2, uniq_psyche
D:13:     minmay_complete_graph, layout_long_grid, erik_vaults_2, serial_glass,
          glass_columns_a, glass_columns_a, glass_columns_b, glass_columns_a
D:14:     layout_rooms, minmay_misc_feat_square
D:15:     hangedman_depths_entry_civil_slaughter, layout_basic,
          serial_library_hellmonk_filled_rooms
Lair:1:   layout_loops_ring, portal_ice_cave_entry_ice_simulacra,
          hangedman_lair_generics_rect, lemuel_fruit_tree
Lair:2:   layout_cave_pods, kennysheep_snail_temple, infiniplex_staircase_pool
Lair:3:   layout_long_grid, alex1729_swamp_entry_worm_eleionoma,
          nicolae_spider_entry_non_spiders, grunt_megastairs_3
Lair:4:   layout_hall_layers, slime_entry_1, gauntlet_entry_generic
Lair:5:   evilmike_catoblepas_cave, layout_layer_cave,
          nicolae_volcano_entry_lava_flow, hibernation_bobbens, uniq_sonja
Swamp:1:  layout_basic_swamp, evilmike_swamp_ruin_house_3, swamp_pool_5
Swamp:2:  layout_basic_swamp, nicolae_swamp_little_swirl
Swamp:3:  layout_basic_swamp, evilmike_swamp_ruin_house_6, uniq_bai_suzhen
Swamp:4:  swamp_pestilence, layout_basic_swamp, uniq_donald
Spider:1: layout_spider_delve, uniq_frances
Spider:2: layout_spider_delve
Spider:3: spider_temple_joshua, uniq_mlioglotl
Spider:4: grunt_spider_rune_circles
Orc:1:    layout_caves, special_room [special_room_kobold]
Orc:2:    grunt_orc_tribal_feast, layout_diamond_mine, serial_shops,
          nicolae_shop_real_fake_doors, uniq_snorg
Elf:1:    eino_elf_arrival_the_gate, layout_gridlike, hangedman_elf_disciples,
          minivault_19
Elf:2:    nicolae_elf_blades_crystal_corner, layout_loops_corners,
          serial_library_hellmonk_room_c, uniq_roxanne, uniq_agnes, uniq_louise
Elf:3:    grunt_elf_hall_asides, layout_gridlike, st_stairs_4,
          grunt_megastairs_5
Vaults:1: hangedman_vaults_stitches, nicolae_vaults_inception_corners,
          vaults_dpeg_ring, nicolae_vaults_octothorpe,
          nicolae_vaults_storage_room_glass, vaults_dpeg_diagonal,
          layout_vaults_omnigrid
Vaults:2: vaults_room_corners, vaults_standard_mumra_enter_the_diamond,
          v_pattern_1, minmay_crypt_entry_necro_gods,
          grunt_vaults_hallway_short, nicolae_vaults_shrinking_rooms_1,
          v_rooms_1, vaults_room_boxed, nicolae_vaults_little_squares_4,
          grunt_vaults_hallway_short, layout_vaults_maze_bifur, uniq_aizul
Vaults:3: ontoclasm_vaults_eye, nicolae_vaults_network_periphery,
          nicolae_vaults_heist, not_door_vault_due,
          nicolae_vaults_variable_pillar_hall, nicolae_vaults_meiosis,
          ontoclasm_vaults_ligature, v_misc_1, hangedman_vaults_stagger,
          nicolae_vaults_tetromino_L_1, grunt_vaults_hallway_short,
          layout_vaults_omnibox
Vaults:4: nicolae_vaults_offset_grid_hallway_2, grunt_vaults_twisty, v_misc_19,
          nicolae_vaults_little_squares_5, hangedman_vaults_cutoff,
          vaults_room_corners, v_misc_32, dpeg_vaults_monster_row,
          nicolae_vaults_little_ls, nicolae_vaults_heart-shaped_vault,
          layout_vaults_omnicross, uniq_mennas
Vaults:5
Depths:1: layout_twisted_cross, nicolae_elyvilon_peaceful_grove, special_room
          [special_room_mythical_zoo], hell_entry,
          serial_library_hellmonk_angled_corner, ashenzari_altar_1,
          grunt_megastairs_4, minmay_shop_star, uniq_norris, uniq_enchantress
Depths:2: kennysheep_bubble_arena, layout_honeycomb, abyss_entry,
          grunt_metal_band, pan_entry, roderic_lattice_a
Depths:3: minmay_glassy_protrusions, layout_cave_shapes, rand_demon_pan_entry_3,
          abyss_entry_small_statue_room, hangedman_coc_ice_floe, zin_angel,
          nicolae_rock_paper_scissors, uniq_margery
Depths:4: evilmike_zot_entry_hall, layout_cave_pools, enter_ziggurat_d,
          amcnicky_mini_rare_corridor_liquid, hell_entry, uniq_sojobo

Skill      XL: |  1  2  3  4  5  6  7  8  9 10 11 12 13 14 15 16 17 18 19 20 21 22 23 24 |
---------------+-------------------------------------------------------------------------+-----
Dodging        | 2 3 4 5 6 7 8 9 10 11 13 15 17 18 19 | 19.4
Unarmed Combat | 4 5 6 7 9 12 13 15 17 18 19 21 22 | 22.9
Shields        | 1 2 3 5 6 8 9 11 12 14 15 16 17 18 19 20 | 20.2
Fighting       | 2 3 4 5 6 7 8 9 |  9.2
Shapeshifting  | 4 5 6 8 9 11 12 14 16 17 18 19 | 19.2
Stealth        | 1 |  1.0
Spellcasting   | 2 5 6 8 9 10 | 10.1
Evocations     | 4 |  4.6
Throwing       | 3 4 |  4.2
Conjurations   | 4 7 |  7.0
Air Magic      | 1 2 |  2.7

Action                     |  1- 3 |  4- 6 |  7- 9 | 10-12 | 13-15 | 16-18 | 19-21 | 22-24 || total
---------------------------+-------+-------+-------+-------+-------+-------+-------+-------++-------
  Melee: Unarmed           |   109 |   249 |   374 |   530 |   862 |  1226 |  1197 |  1052 ||  5599
         Tailslap          |    12 |    22 |    60 |    97 |   170 |   155 |   223 |   202 ||   941
         Punch             |     1 |       |       |       |       |     6 |       |       ||     7
         Maw               |       |       |       |       |   174 |   261 |       |       ||   435
         Bite              |       |       |       |       |    62 |   122 |   173 |   150 ||   507
  Throw: Dart              |       |       |       |       |     1 |     2 |       |       ||     3
         Javelin           |       |       |       |       |       |       |       |    30 ||    30
   Cast: Momentum Strike   |       |       |       |       |       |       |       |     1 ||     1
 Invoke: Call Merchant     |       |       |       |     1 |     5 |     1 |       |     1 ||     8
Ability: Breathe Acid      |       |       |    13 |    17 |    31 |    40 |       |       ||   101
  Evoke: Wand              |       |       |       |       |       |     3 |     7 |     1 ||    11
    Use: Potion            |       |     3 |     1 |     1 |     1 |     4 |     3 |     8 ||    21
         Scroll            |       |       |     7 |     3 |    17 |    19 |     6 |    11 ||    63
   Stab: Sleeping          |       |     2 |     1 |     1 |     1 |       |     1 |       ||     6
         Distracted        |       |       |       |     5 |     4 |     6 |     9 |     9 ||    33
 Armour: Skin              |    60 |   133 |   244 |   263 |   427 |   982 |   900 |   686 ||  3695
  Dodge: Dodged            |    46 |    91 |   140 |   192 |   359 |   453 |   733 |   537 ||  2551
  Block: Tower shield      |    21 |   187 |    77 |       |       |       |       |       ||   285
         Kite shield       |       |       |   154 |   229 |   434 |   989 |  1451 |  1117 ||  4374
         Reflection        |       |       |     5 |     6 |    44 |    51 |    63 |    40 ||   209
         Other             |       |       |       |       |       |    12 |       |       ||    12
         Form:             |       |       |       |     1 |     1 |       |     1 |       ||     3
         Beast             |       |       |       |     1 |       |       |       |       ||     1
         Flux              |       |       |       |       |     1 |       |       |       ||     1
         Maw               |       |       |       |       |     2 |     1 |       |       ||     3
         Dragon            |       |       |       |       |       |     1 |       |       ||     1
         Statue            |       |       |       |       |       |     1 |     1 |       ||     2

Table legend: (Time is in decaauts)
 A = Elapsed time spent in this place.
 B = Non-inter-level travel time spent in this place.
 C = Inter-level travel time spent in this place.
 D = Time resting spent in this place.
 E = Time spent auto-exploring this place.
 F = Levels seen in this place.
 G = Mean time per level.
                   A        B        C        D        E       F      G
               +--------+--------+--------+--------+--------+-----+--------+
         Total | 102907 |  97053 |   5854 |  22732 |  59544 |  47 | 2189.5 |
       Dungeon |  23289 |  21388 |   1901 |   3445 |  14649 |  15 | 1552.6 |
          Lair |  12279 |  11700 |    579 |   1561 |   8486 |   5 | 2455.8 |
         Swamp |  13216 |  12825 |    391 |   5802 |   5648 |   4 | 3304.0 |
   Spider Nest |  14403 |  13394 |   1009 |   3861 |   7925 |   4 | 3600.8 |
  Orcish Mines |   4979 |   4795 |    184 |   1359 |   2898 |   2 | 2489.5 |
   Elven Halls |  10353 |  10029 |    324 |   2809 |   5621 |   3 | 3451.0 |
        Vaults |  10631 |   9578 |   1053 |    626 |   7205 |   5 | 2126.2 |
        Depths |   9135 |   8725 |    410 |   1074 |   6136 |   4 | 2283.8 |
         Abyss |   1238 |   1238 |      0 |    558 |     87 |   2 |  619.0 |
      Ice Cave |   1574 |   1574 |      0 |    762 |    507 |   1 | 1574.0 |
       Volcano |   1237 |   1237 |      0 |    783 |    190 |   1 | 1237.0 |
      Gauntlet |    568 |    568 |      0 |     88 |    189 |   1 |  568.0 |
               +--------+--------+--------+--------+--------+-----+--------+

Top non-repeatable levels by time:
Spider:2: 5071 daAuts
   Elf:1: 4233 daAuts
 Swamp:3: 4181 daAuts
    D:12: 3913 daAuts
   Elf:3: 3637 daAuts
 Swamp:4: 3536 daAuts
Spider:3: 3479 daAuts
Spider:1: 3368 daAuts
 Swamp:2: 3349 daAuts
  Lair:5: 3186 daAuts
  Lair:3: 3150 daAuts
Vaults:3: 3074 daAuts
Depths:3: 2882 daAuts
    D:13: 2693 daAuts
Vaults:4: 2588 daAuts
